 Dungeon Crawl Stone Soup version 0.27.1-1-g398f81649c (webtiles) character file.

Game seed: 5163510916714158524

133 Rickety the Sneak (level 4, 0/19 (21) HPs)
             Began as a Spriggan Enchanter on Sept 16, 2021.
             Slain by Edmund (11 damage)
             ... on level 3 of the Dungeon.
             The game lasted 00:08:23 (5105 turns).

Rickety the Sneak (Spriggan Enchanter)              Turns: 5105, Time: 00:08:23

HP:   0/19 (21)     AC:  2    Str:  4    XL:     4   Next: 94%
MP:   1/9           EV: 17    Int: 16    God:
Gold: 92            SH:  0    Dex: 16    Spells: 3/9 levels left

rFire    . . .     SeeInvis +   a - +1 dagger
rCold    . . .     Faith    .   (shield restricted)
rNeg     . . .     Spirit   .   b - +0 robe
rPois    .         Reflect  .   (helmet restricted)
rElec    .         Harm     .   (no cloak)
rCorr    .         Rampage  .   (gloves unavailable)
Will     .....                  (boots unavailable)
Stlth    ++++......             (no amulet)
HPRegen  0.06/turn              (no ring)
MPRegen  0.11/turn              (no ring)

@: drained, very quick
A: very small, no large weapons, unfitting armour, see invisible, speed 3
a: no special abilities


You were on level 3 of the Dungeon.
You visited 1 branch of the dungeon, and saw 4 of its levels.

You collected 92 gold pieces.

Inventory:

Hand Weapons
 a - a +1 dagger (weapon)
Missiles
 d - 11 poisoned darts (quivered)
Armour
 b - a +0 robe (worn)
Scrolls
 c - 2 scrolls of identify {unknown}
 h - a scroll of fear {unknown}
Potions
 e - a potion of ambrosia {unknown}
 f - a potion of heal wounds {unknown}
 g - 2 potions of degeneration {unknown}


   Skills:
 + Level 0.3 Fighting
 + Level 1.3 Short Blades
 + Level 3.1 Dodging
 * Level 7.1 Stealth
 + Level 3.1 Spellcasting
 + Level 4.4 Hexes
 - Level 0.6 Ice Magic


You had 3 spell levels left.
You knew the following spells:

 Your Spells              Type           Power      Damage    Failure   Level
a - Corona                Hex            17%        N/A       3%          1
b - Ensorcelled Hibernat  Hex/Ice        20%        N/A       10%         2
c - Confusing Touch       Hex            16%        N/A       9%          3

Your spell library contained the following spells:

 Spells                   Type           Power      Damage    Failure   Level
 Tukima's Dance           Hex            16%        N/A       9%          3
 Dazzling Flash           Conj/Hex       18%        N/A       22%         3


Dungeon Overview and Level Annotations

Branches:
Dungeon (4/15)
 Temple: D:4-7

Altars:
Sif Muna

Shops:
D:3 *

Annotations:
D:3 Edmund


Innate Abilities, Weirdness & Mutations

You are very small and have problems with some larger weapons.
You are too small for most types of armour.
You have supernaturally acute eyesight. (SInv)
You cover ground extremely quickly. (Speed+++)


Message History

Casting: Ensorcelled Hibernation (safe; 10% risk of failure)
Confirm with . or Enter, or press ? or * to list all spells.
Aiming: Ensorcelled Hibernation (safe; 10% risk of failure)
Press: ? - help, Shift-Dir - straight line, f/p - Edmund
Aim: Edmund, wielding a +0 flail of draining and wearing a +0 leather armour (slow, chance to affect: 41%) Edmund resists with some effort.
Casting: Ensorcelled Hibernation (safe; 10% risk of failure)
Confirm with . or Enter, or press ? or * to list all spells.
Aiming: Ensorcelled Hibernation (safe; 10% risk of failure)
Press: ? - help, Shift-Dir - straight line, f/p - Edmund
Aim: Edmund, wielding a +0 flail of draining and wearing a +0 leather armour (slow, chance to affect: 41%) Edmund looks drowsy...
The helpless Edmund fails to defend himself.
You impale Edmund!!
Edmund is almost dead.
Edmund looks more energetic.
You barely miss Edmund.
Edmund is almost dead.
Edmund hits you with a +0 flail of draining.
You feel drained.
Casting: Ensorcelled Hibernation (safe; 10% risk of failure)
Confirm with . or Enter, or press ? or * to list all spells.
The spell is quite dangerous to cast (9% risk of failure)!
Continue anyway?
Your hands begin to glow red.
Edmund misses you.
You closely miss Edmund.
Edmund is severely wounded.
Edmund hits you with a +0 flail of draining.
You feel drained.
You barely miss Edmund.
Edmund is severely wounded.
Edmund drinks a potion.
Edmund goes berserk!
You hit Edmund but do no damage.
Edmund appears confused.
Edmund is severely wounded.
Edmund barely misses you.
Edmund rages.
You barely miss Edmund.
Edmund is severely wounded.
Edmund hits you with a +0 flail of draining!
Ouch! That really hurt!
You die...

#........................
##..........#.#.#>#......
#...............).......
#.....[....#.#.#.#..#.##
#.#####.##.........##..#
#.#........#.#รท#.#.###.#
#..................# #..
#####'#####@#......#####
#.. #.......# #@#.(....#
#.. #.......# #.#......#
#.. #.......# #........#
#.. #.......# ####.....#
### #.......#### ##.####
# #..........####.# #
#............##.# ###
#####..).....##<# #..
#..).....#### #..


You could see Edmund (berserk, confused).

Vanquished Creatures
  4 adders
  A worm (D:2)
  A dart slug (D:1)
  8 orcs
  2 ball pythons
  8 endoplasms
  6 giant cockroaches
  5 goblins
  16 hobgoblins
  7 jackals
  A quokka (D:1)
  3 bats
  4 frilled lizards
  4 kobolds
  3 rats
73 creatures vanquished.

Notes
Turn   | Place    | Note
-------+----------+-------------------------------------------
     0 | D:1      | Rickety the Spriggan Enchanter began the quest for the Orb.
     0 | D:1      | Reached XP level 1. HP: 9/9 MP: 5/5
   938 | D:1      | Reached XP level 2. HP: 11/13 MP: 4/6
   941 | D:1      | Learned a level 2 spell: Ensorcelled Hibernation
  1057 | D:1      | Reached skill level 5 in Stealth
  1695 | D:1      | Reached XP level 3. HP: 16/16 MP: 5/8
  1703 | D:1      | Learned a level 3 spell: Confusing Touch
  1758 | D:1      | Found a faded altar of an unknown god.
  2307 | D:2      | Reached skill level 6 in Stealth
  2710 | D:2      | Found a shimmering blue altar of Sif Muna.
  3291 | D:2      | Reached XP level 4. HP: 21/21 MP: 6/9
  4615 | D:3      | Reached skill level 7 in Stealth
  4723 | D:3      | Found Jidghim's General Store.
  5050 | D:4      | Noticed Edmund
  5105 | D:3      | Slain by Edmund

Illustrated notes

Levels and vault maps discovered:
D:1:      onia_arrival_pentagram, layout_basic, shapermc_ecumenical_altar_venn
D:2:      layout_basic, basic_altar, guppyfry_early_orc_mine
D:3:      layout_basic, serial_shops, nicolae_lakefront_shop, st_stairs_2
D:4:      layout_basic, uniq_edmund

Skill      XL: |  1  2  3  4 |
---------------+-------------+-----
Stealth        | 5 6 7 |  7.1
Hexes          | 4 |  4.4
Spellcasting   | 3 |  3.1
Dodging        | 3 |  3.1
Fighting       | |  0.3
Short Blades   | |  1.3
Ice Magic      | |  0.6

Action                   |  1- 3 |  4- 6 || total
-------------------------+-------+-------++-------
Melee: Dagger            |   130 |    83 ||   213
Throw: Dart              |     5 |       ||     5
 Cast: Corona            |     5 |       ||     5
       Ensorcelled Hiber |    23 |    26 ||    49
       Confusing Touch   |       |     1 ||     1
 Stab: Sleeping          |    25 |    20 ||    45
       Distracted        |     1 |       ||     1
Armor: Robe              |     7 |     7 ||    14
Dodge: Dodged            |    89 |    68 ||   157
